 Dungeon Crawl Stone Soup version 0.27-a0-1597-ge58577e147 (webtiles) character file.

Game seed: 10192201492274694435

3847 Mitsuki the Arsonist (level 9, -9/45 HPs)
             Began as a Deep Elf Conjurer on July 21, 2021.
             Was a Believer of Vehumet.
             Mangled by a yak (11 damage)
             ... on level 8 of the Dungeon.
             The game lasted 00:23:59 (8927 turns).

Mitsuki the Arsonist (Deep Elf Conjurer)            Turns: 8927, Time: 00:23:59

Health: -9/45      AC:  5    Str: 16    XL:     9   Next: 98%
Magic:  20/24      EV: 13    Int: 27    God:    Vehumet [**....]
Gold:   428        SH:  0    Dex: 13    Spells: 20/26 levels left

rFire    + . .     SeeInvis .   p - staff of fire
rCold    . . .     Faith    .   (no shield)
rNeg     . . .     Spirit   .   C - +0 ring mail {rPois}
rPois    +         Reflect  .   (no helmet)
rElec    .         Harm     .   (no cloak)
rCorr    .         Rampage  .   (no gloves)
Will     .....                  (no boots)
Stlth    +.........             l - amulet of regeneration
HPRegen  1.15/turn              c - +6 ring of strength
MPRegen  0.19/turn              r - +6 ring of strength

@: no status effects
A: no striking features
a: Renounce Religion


You were on level 8 of the Dungeon.
You worshipped Vehumet.
Vehumet was pleased with you.
You visited 2 branches of the dungeon, and saw 10 of its levels.

You collected 428 gold pieces.

Inventory:

Armour
 C - a +0 ring mail of poison resistance (worn)
Magical Staves
 p - a staff of fire (weapon)
Jewellery
 c - a +6 ring of strength (left hand)
 l - an amulet of regeneration (around neck)
 r - a +6 ring of strength (right hand)
Wands
 n - a wand of paralysis (8)
 o - a wand of charming (7)
 y - a wand of digging (6)
 z - a wand of flame (5)
Scrolls
 b - 8 scrolls of identify {unknown}
 f - 6 scrolls of teleportation {unknown}
 g - a scroll of amnesia {unknown}
 h - a scroll of enchant armour {unknown}
 k - 2 scrolls of acquirement {unknown}
 q - 4 scrolls of magic mapping {unknown}
 s - a scroll of enchant weapon {unknown}
Potions
 d - a potion of mutation {unknown}
 e - 2 potions of haste {unknown}
 i - a potion of flight {unknown}
 j - 2 potions of curing {unknown}
 m - a potion of might {unknown}
 t - a potion of brilliance {unknown}
 u - a potion of invisibility {unknown}
 v - 3 potions of magic {unknown}
 w - 2 potions of ambrosia {unknown}
 x - a potion of degeneration {unknown}
 A - a potion of berserk rage {unknown}
 B - a potion of lignification {unknown}


   Skills:
 + Level 6.2 Dodging
 - Level 2.4 Stealth
 - Level 9.1 Spellcasting
 + Level 9.0 Conjurations
 * Level 10.2 Fire Magic


You had 20 spell levels left.
You knew the following spells:

 Your Spells              Type           Power      Damage    Failure   Level
a - Magic Dart            Conj           100%       1d8       1%          1
b - Searing Ray           Conj           100%       3d7       1%          2
c - Conjure Flame         Conj/Fire      77%        6-21      1%          3

Your spell library contained the following spells:

 Spells                   Type           Power      Damage    Failure   Level
 Freeze                   Ice            48%        1d7       9%          1
 Foxfire                  Conj/Fire      100%       2x1d9     1%          1
 Inner Flame              Hex/Fire       56%        N/A       3%          3
 Dazzling Flash           Conj/Hex       72%        N/A       4%          3
 Animate Skeleton         Necr           24%        N/A       9%          1
 Pain                     Necr           48%        1d6       9%          1
 Passwall                 Tmut/Erth      10%        N/A       14%         2
 Fulminant Prism          Conj/Hex       18%        3d11      14%         4
 Iskenderun's Mystic Bla  Conj/Tloc      36%        2d9       14%         4
 Swiftness                Air            12%        N/A       26%         3
 Vampiric Draining        Necr           6%         2d6       26%         3
 Petrify                  Tmut/Erth      12%        N/A       65%         4
 Metabolic Englaciation   Hex/Ice        6%         N/A       94%         5
 Invisibility             Hex            6%         N/A       100%        6
 Statue Form              Tmut/Erth      8%         N/A       100%        6


Dungeon Overview and Level Annotations

Branches:
Dungeon (9/15)             Temple (1/1) D:5
   Lair: D:8-11         Orc: D:9-12

Altars:
Ashenzari
Cheibriados
Dithmenos
Elyvilon
Fedhas
Gozag
Hepliaklqana
Makhleb
Nemelex Xobeh
Okawaru
Qazlal
Ru
Sif Muna
Trog
Uskayaw
Vehumet
Wu Jian
Xom
Yredelemnul
Zin
The Shining One

Annotations:
D:7 2 transporters


Message History

Where to? (Enter - D:7 @ (x,y), ? - help)
There is a stone staircase leading down here.
You climb downwards.
Found a stone staircase leading down.
There is a stone staircase leading up here.
You climb upwards.
There is a stone staircase leading down here.
There is an open door here.
You open the door.
There is an open door here.
There is a stone staircase leading down here.
You climb downwards.
The yak bellows! x5
The yak completely misses you.
Found 10 gold pieces.
There is a stone staircase leading up here.
The yak misses you. The yak gores you! The yak barely misses you.
You climb upwards.
There is a stone staircase leading down here.
You take 6 damage, and have 39/45 hp.
Casting: Magic Dart (safe; 1% risk of failure)
Confirm with . or Enter, or press ? or * to list all spells.
Aiming: Searing Ray (safe; 1% risk of failure)
Press: ? - help, Shift-Dir - straight line, f - yak
Aim: a yak (90% to hit)
The searing ray hits the yak.
The yak is lightly wounded. (Press . to maintain the ray.)
The yak barely misses you. The yak gores you. The yak gores you!
You take 11 damage, and have 28/45 hp.
MASSIVE DAMAGE!!
You now have 22/24 mp.
The searing ray hits the yak!
The yak is heavily wounded.
The yak gores you! The yak barely misses you. x2
You take 5 damage, and have 23/45 hp.
You now have 21/24 mp.
The searing ray hits the yak!
The yak is severely wounded.
The yak gores you! x2
* * * LOW HITPOINT WARNING * * *
The yak gores you!
You die...

.#
#.......####.######
#... .#
####)##......# ####
.# #.#########
#######.# ......#.#
......#.# ......#.#
#####
......>.###########
#....
......#........Y@Y#
#.###
.........########Y#
#.# # ..........#
#.# ##.###
######...## #.#
#..... ##)## #.#
#..### #)# ##.##
#..### #)# ##.#.###
#...# ##'##
#.###..# #...#
##)..## ##.#.#.#
#...#


You could see 3 yaks.

Vanquished Creatures
  3 yaks (D:8)
  2 water moccasins (D:8)
  An ice beast (D:6)
  2 sky beasts
  2 necrophages (D:4)
  2 orc warriors
  5 ogres
  A black bear (D:8)
  3 centaurs
  A phantom (D:5)
  A kobold brigand (D:8)
  A bullfrog (D:8)
  4 scorpions
  A water moccasin skeleton (D:5)
  5 killer bees (D:5)
  3 wights (D:7)
  A howler monkey (D:5)
  A bullfrog zombie (D:7)
  A centaur zombie (D:5)
  2 jellies
  A bullfrog skeleton (D:6)
  3 centaur skeletons
  An orc priest (D:8)
  3 hounds (D:6)
  2 gnoll shamans
  Jessica (D:2)
  4 iguanas
  4 orc wizards
  A killer bee zombie (D:5)
  9 gnolls
  7 adders
  A shadow imp (D:8)
  2 white imps
  An ufetubus (D:5)
  2 worms
  26 orcs
  7 ball pythons
  3 giant cockroaches
  6 hobgoblins
  8 jackals
  A quokka (D:3)
  5 bats
  3 frilled lizards
  7 goblins
  7 kobolds
  7 rats
164 creatures vanquished.

Notes
Turn   | Place    | Note
-------+----------+-------------------------------------------
     0 | D:1      | Mitsuki the Deep Elf Conjurer began the quest for the Orb.
     0 | D:1      | Reached XP level 1. HP: 10/10 MP: 6/6
   527 | D:1      | Reached XP level 2. HP: 15/15 MP: 5/8
   827 | D:1      | Found a faded altar of an unknown god.
  1360 | D:1      | Learned a level 2 spell: Searing Ray
  1534 | D:2      | Noticed Jessica
  1539 | D:2      | Killed Jessica
  1540 | D:2      | Reached skill level 5 in Conjurations
  1540 | D:2      | Reached XP level 3. HP: 19/19 MP: 3/10
  1674 | D:2      | Learned a level 3 spell: Conjure Flame
  1755 | D:2      | Reached XP level 4. HP: 20/24 MP: 7/12
  1877 | D:2      | Found a blossoming altar of Fedhas.
  2152 | D:3      | Reached skill level 1 in Fire Magic
  2967 | D:4      | Noticed a necrophage
  2975 | D:4      | Killed a necrophage
  2976 | D:4      | Reached skill level 2 in Fire Magic
  2976 | D:4      | Reached XP level 5. HP: 20/28 MP: 4/14
  3250 | D:4      | Noticed a necrophage
  3254 | D:4      | Killed a necrophage
  3255 | D:4      | Reached skill level 5 in Spellcasting
  3255 | D:4      | Reached skill level 3 in Fire Magic
  3255 | D:4      | Reached XP level 6. HP: 32/32 MP: 9/15
  3937 | D:4      | Found a shimmering altar of Xom.
  3940 | D:4      | Found a basalt altar of Yredelemnul.
  3987 | D:5      | Entered Level 5 of the Dungeon
  3994 | D:5      | Reached skill level 4 in Fire Magic
  3996 | D:5      | Reached XP level 7. HP: 36/36 MP: 7/17
  4179 | D:5      | Reached skill level 5 in Dodging
  4216 | D:5      | Reached skill level 5 in Fire Magic
  4444 | D:5      | Reached XP level 8. HP: 41/41 MP: 9/19
  4599 | D:5      | Found a staircase to the Ecumenical Temple.
  4612 | Temple   | Entered the Ecumenical Temple
  4638 | Temple   | Became a worshipper of Vehumet
  4756 | D:5      | Reached skill level 6 in Fire Magic
  5504 | D:6      | Reached skill level 7 in Fire Magic
  6001 | D:6      | Reached skill level 8 in Fire Magic
  6001 | D:6      | Reached XP level 9. HP: 45/45 MP: 10/22
  6144 | D:6      | Found a glowing silver altar of Zin.
  6214 | D:6      | Reached * piety under Vehumet
  6214 | D:6      | Offered knowledge of Sandblast by Vehumet.
  6397 | D:6      | Found a hazy altar of Hepliaklqana.
  6641 | D:7      | Noticed a kobold demonologist
  6641 | D:7      | Found a transporter.
  6878 | D:7      | Found a transporter.
  7064 | D:7      | Reached skill level 9 in Fire Magic
  7324 | D:7      | Found a glowing golden altar of the Shining One.
  7602 | D:8      | HP: 1/45 [centaur/arrow (14)]
  8181 | D:8      | Offered knowledge of Freeze by Vehumet.
  8190 | D:8      | Reached ** piety under Vehumet
  8723 | D:8      | Reached skill level 10 in Fire Magic
  8927 | D:8      | HP: 2/45 [yak (12)]
  8927 | D:8      | Mangled by a yak

Illustrated notes

Levels and vault maps discovered:
D:1:      minmay_arrival_four_loops, layout_basic,
          hellmonk_ecumenical_altar_crossroads, nrook_loot_triangle,
          minmay_misc_feat_room
D:2:      layout_rooms, basic_altar, grunt_ministairs_2, uniq_jessica
D:3:      layout_basic
D:4:      layout_loops_corners, minitemple
D:5:      layout_basic, minmay_temple_entry_gardened_gates
D:6:      layout_rooms, nzn_hepliaklqana_mist_gate, overflow_temple_1_default
D:7:      gammafunk_wand_slinger, layout_cave_pools,
          nicolae_tso_swordbearing_angel, serial_column_ruins,
          column_ruins_grid_1, column_ruins_open_tiny,
          column_ruins_columns_corner, column_ruins_open_small,
          column_ruins_grid_2, column_ruins_corridor_corner
D:8:      layout_loops_corners
D:9:      layout_stronghold, mainiacjoe_overflow_alcove_1,
          ebering_ghost_disaster_area
Temple:   lightli_temple_of_artemis

Skill      XL: |  1  2  3  4  5  6  7  8  9 |
---------------+----------------------------+-----
Dodging        | 3 4 5 6 |  6.2
Conjurations   | 5 6 7 9 |  9.0
Spellcasting   | 4 5 6 7 9 |  9.1
Fire Magic     | 2 3 4 5 8 10 | 10.2
Stealth        | |  2.4

Action                   |  1- 3 |  4- 6 |  7- 9 || total
-------------------------+-------+-------+-------++-------
Melee: Dagger            |     7 |     1 |       ||     8
       Staff             |       |       |    13 ||    13
 Cast: Magic Dart        |    68 |    89 |   211 ||   368
       Searing Ray       |       |     5 |    42 ||    47
       Conjure Flame     |       |     2 |    17 ||    19
 Stab: Sleeping          |     1 |       |     1 ||     2
Armor: Robe              |     5 |       |    12 ||    17
Dodge: Dodged            |    15 |    12 |    69 ||    96

Table legend: (Time is in decaauts)
 A = Elapsed time spent in this place.
 B = Non-inter-level travel time spent in this place.
 C = Inter-level travel time spent in this place.
 D = Time resting spent in this place.
 E = Time spent auto-exploring this place.
 F = Levels seen in this place.
 G = Mean time per level.
                   A        B        C        D        E       F      G
               +--------+--------+--------+--------+--------+-----+--------+
         Total |   8935 |   8507 |    428 |   1514 |   5921 |  10 |  893.5 |
       Dungeon |   8826 |   8409 |    417 |   1514 |   5850 |   9 |  980.7 |
        Temple |    108 |     97 |     11 |      0 |     71 |   1 |  108.0 |
               +--------+--------+--------+--------+--------+-----+--------+

Top non-repeatable levels by time:
     D:8: 1412 daAuts
     D:1: 1377 daAuts
     D:5: 1338 daAuts
     D:6: 1270 daAuts
     D:4: 1195 daAuts
     D:7: 816 daAuts
     D:2: 723 daAuts
     D:3: 687 daAuts
  Temple: 108 daAuts
     D:9: 4 daAuts
